 Dungeon Crawl Stone Soup version 0.28-b1-25-g9875b3fc8c (webtiles) character file.

Game seed: 3141162993915378553

596 cayde69 the Slasher (level 7, -2/54 HPs)
             Began as a Demonspawn Abyssal Knight on Feb 1, 2022.
             Was a Priest of Lugonu.
             Succumbed to an orc wizard's poison
             ... on level 4 of the Dungeon.
             The game lasted 00:13:42 (4538 turns).

cayde69 the Slasher (Demonspawn Abyssal Knight)     Turns: 4538, Time: 00:13:42

Health: -2/54      AC: 15    Str: 15    XL:     7   Next: 17%
Magic:  8/8        EV:  7    Int: 14    God:    Lugonu [***...]
Gold:   102        SH:  0    Dex: 13    Spells: 6/6 levels left

rFire   + . .      SeeInvis .   a - +1 falchion
rCold   . . .      Faith    .   (no shield)
rNeg    . . .      Spirit   .   l - +0 chain mail
rPois   .          Reflect  .   o - +1 helmet
rElec   .          Harm     .   (no cloak)
rCorr   .          Rampage  .   (no gloves)
Will    .....                   (no boots)
Stlth   ..........              (no amulet)
HPRegen 0.18/turn               e - +4 ring of protection
MPRegen 0.22/turn               p - ring of protection from fire

@: lethally poisoned (-2 -> -35)
A: icemail 1, magic regeneration, big brain 1, condensation shield, demonic
touch 1
a: Renounce Religion, Depart the Abyss, Bend Space, Banish


You were on level 4 of the Dungeon.
You worshipped Lugonu.
Lugonu was most pleased with you.
You visited 1 branch of the dungeon, and saw 4 of its levels.
You visited the Abyss 1 time.

You collected 102 gold pieces.

Inventory:

Hand Weapons
 a - a +1 falchion (weapon)
Missiles
 w - 7 poisoned darts
Armour
 l - a +0 chain mail (worn)
 o - a +1 helmet (worn)
 t - a +3 leather armour of fire resistance
Jewellery
 e - a +4 ring of protection (left hand)
 h - an amulet of magic regeneration
 p - a ring of protection from fire (right hand)
Wands
 m - a wand of polymorph (8)
 s - a wand of iceblast (6)
Scrolls
 f - a scroll of vulnerability {unknown}
 n - a scroll of enchant armour {unknown}
 r - a scroll of enchant weapon {unknown}
 u - a scroll of magic mapping {unknown}
Potions
 b - 2 potions of ambrosia {unknown}
 c - a potion of might
 d - a potion of berserk rage {unknown}
 g - a potion of mutation {unknown}
 j - 2 potions of lignification {unknown}
 k - a potion of curing {unknown}
 q - a potion of heal wounds {unknown}
 v - a potion of attraction {unknown}


   Skills:
 + Level 4.2 Fighting
 + Level 4.5 Long Blades
 + Level 4.3 Armour
 + Level 1.5 Dodging
 + Level 1.2 Stealth
 + Level 1.2 Shields
 + Level 2.4 Invocations
 + Level 0.1 Evocations


You had 6 spell levels left.
You didn't know any spells.
Your spell library was empty.

Dungeon Overview and Level Annotations

Branches:
Dungeon (4/15)
 Temple: D:4-7

Altars:


Innate Abilities, Weirdness & Mutations

A meltable icy envelope protects you from harm. (AC +0)
You regenerate magic rapidly.
You have an unusually large brain. (Int +2)
A meltable shield of frost defends you. (SH +0)
Your touch may inflict minor irresistible damage on your foes.


Message History

Your icy defenses dissipate!
You hit something. Your touch misses something.
You feel very sick. Something hits you but does no damage.
You are more poisoned.
You hit the orc but do no damage.
You feel very sick. Something hits you but does no damage.
You are lethally poisoned!
The orc hits you but does no damage.
You are too injured to fight recklessly!
You are too injured to fight recklessly!
You are too injured to fight recklessly!
You are too injured to fight recklessly!
You are too injured to fight recklessly!
Unknown command.
There is a lethal amount of poison in your body!
Unknown command.
You barely miss something.
You feel extremely sick. Something hits you but does no damage.
You are more poisoned.
The orc barely misses you.
You miss something. Your touch misses something.
* * * LOW HITPOINT WARNING * * *
You feel extremely sick. Something hits you but does no damage.
You are more poisoned.
The orc hits you but does no damage.
You hit something.
You touch something.
* * * LOW HITPOINT WARNING * * *
You feel extremely sick. Something hits you but does no damage.
You are more poisoned.
The orc hits you but does no damage.
You hit something.
You touch something.
Lugonu accepts your kill.
Reactivating autopickup.
You feel a bit more experienced.
You die...

.. .... ... ......###
...##.. ..... #.
#...... .....##.
##..... # ##......
#...... .# #...###.
#.....# ..# #...###.
##...o)###..# #..#..
##....)@#... ##.....
#.......#.##### #..#...
##.........##.#
##.##).#
##..##.......###.......
#.## ##..###...........
#. ...... #......#....
. .......####....##...#
......... ......#..#..
.......###............


You could see an orc.

Vanquished Creatures
  Grinder (D:3)
  A black bear (D:3)
  Terence (D:3)
  Jessica (D:2)
  2 orc wizards (D:4)
  Ijyb (D:3)
  Natasha (thrice) (D:2)
  Robin (D:2)
  3 adders (D:2)
  2 worms
  2 dart slugs
  2 orcs (D:4)
  4 bats
  2 endoplasms
  3 giant cockroaches
  14 goblins
  5 hobgoblins
  5 jackals
  9 kobolds
  4 quokkas
  4 ball pythons
  7 rats
77 creatures vanquished.

Notes
Turn   | Place    | Note
-------+----------+-------------------------------------------
     0 | Abyss:1  | cayde69 the Demonspawn Abyssal Knight began the quest for
                  | the Orb.
     0 | Abyss:1  | Reached XP level 1. HP: 18/18 MP: 2/2
    33 | Abyss:1  | Found a corrupted altar of Lugonu.
    63 | D:1      | Escaped the Abyss
   211 | D:1      | Found a faded altar of an unknown god.
   247 | D:1      | Gained mutation: A meltable shield of frost defends you.
                  | (SH +0) [demonic ancestry]
   247 | D:1      | Reached XP level 2. HP: 13/24 MP: 3/3
   265 | D:1      | HP: 1/24 [rat (2)]
   602 | D:1      | Reached skill level 1 in Dodging
  1327 | D:2      | Reached ** piety under Lugonu
  1328 | D:2      | Gained mutation: You have an unusually large brain. (Int
                  | +2) [demonic ancestry]
  1328 | D:2      | Reached XP level 3. HP: 18/29 MP: 4/4
  2124 | D:2      | Noticed Robin
  2144 | D:2      | Reached XP level 4. HP: 34/35 MP: 5/5
  2163 | D:2      | Killed Robin
  2490 | D:2      | Noticed Natasha
  2511 | D:2      | Killed Natasha
  2768 | D:2      | Noticed Jessica
  2793 | D:2      | Killed Jessica
  2794 | D:2      | Gained mutation: A meltable icy envelope protects you from
                  | harm. (AC +0) [demonic ancestry]
  2794 | D:2      | Reached XP level 5. HP: 41/41 MP: 6/6
  2833 | D:2      | Noticed Natasha
  2842 | D:2      | Killed Natasha
  2843 | D:2      | Reached skill level 1 in Stealth
  2892 | D:2      | Noticed Natasha
  2902 | D:2      | Killed Natasha
  3189 | D:3      | Noticed Ijyb
  3244 | D:3      | Killed Ijyb
  3429 | D:3      | Noticed Terence
  3447 | D:3      | Killed Terence
  3573 | D:3      | Noticed Grinder
  3582 | D:3      | Paralysed by Grinder for 5 turns
  3589 | D:3      | Paralysed by Grinder for 4 turns
  3605 | D:3      | Paralysed by Grinder for 2 turns
  4201 | D:3      | Killed Grinder
  4202 | D:3      | Reached skill level 1 in Shields
  4202 | D:3      | Gained mutation: Your touch may inflict minor irresistible
                  | damage on your foes. [demonic ancestry]
  4202 | D:3      | Reached XP level 6. HP: 37/48 MP: 7/7
  4260 | D:3      | Gained mutation: You regenerate magic rapidly. [demonic
                  | ancestry]
  4260 | D:3      | Reached XP level 7. HP: 27/54 MP: 8/8
  4526 | D:4      | Reached *** piety under Lugonu
  4538 | D:4      | Succumbed to an orc wizard's poison

Illustrated notes

Levels and vault maps discovered:
D:1:      nzn_arrival_depleted_hourglass, layout_basic,
          hellmonk_ecumenical_altar_lost_god
D:2:      layout_loops_ring, minmay_misc_feat_hallway, minmay_misc_feat_rugged,
          minmay_misc_feat_ornament, uniq_robin, uniq_natasha, uniq_jessica
D:3:      layout_basic, serial_park_tiny_1, nrook_uturn, uniq_grinder,
          uniq_ijyb, uniq_terence
D:4:      layout_cave_pools, mainiacjoe_overflow_cross_hatched,
          minmay_temple_entry_proselytizer, uniq_edmund, uniq_pikel,
          uniq_blork_the_orc

Skill      XL: |  1  2  3  4  5 |
---------------+----------------+-----
Long Blades    | 2 4 |  4.5
Armour         | 2 3 4 |  4.3
Dodging        | 1 |  1.5
Stealth        | 1 |  1.2
Fighting       | 4 |  4.2
Shields        | 1 |  1.2
Invocations    | |  2.4
Evocations     | |  0.1

Action                   |  1- 3 |  4- 6 |  7- 9 || total
-------------------------+-------+-------+-------++-------
Melee: Falchion          |   109 |   210 |    18 ||   337
       Punch             |     1 |     4 |       ||     5
       Touch             |       |     3 |     7 ||    10
Invok: Bend Space        |     1 |       |       ||     1
Evoke: Wand              |       |     1 |       ||     1
  Use: Potion            |       |     2 |       ||     2
       Scroll            |       |     1 |       ||     1
Armor: Leather armour    |    12 |       |       ||    12
       Chain mail        |    47 |   149 |    16 ||   212
       Ring mail         |    11 |       |       ||    11
       Skin              |       |     2 |       ||     2
Dodge: Dodged            |    47 |    61 |     2 ||   110
Block: Other             |    18 |    35 |     1 ||    54
